 Dungeon Crawl Stone Soup version 0.24.0-37-gcf1ca852f1 (webtiles) character file.

Game seed: 14416451510356933743, levelgen mode: deterministic

60 Madoushi the Chopper (level 3, 0/34 HPs)
             Began as a Minotaur Berserker on Nov 13, 2019.
             Was a Believer of Trog.
             Slain by a worm (5 damage)
             ... on level 2 of the Dungeon on Nov 25, 2019.
             The game lasted 00:03:27 (937 turns).

Madoushi the Chopper (Minotaur Berserker)            Turns: 937, Time: 00:03:28

Health: 0/34       AC:  2    Str: 22    XL:     3   Next: 82%
Magic:  2/2        EV: 12    Int:  4    God:    Trog [**....]
Gold:   170        SH:  0    Dex:  9    Spells: 2/2 levels left

rFire    . . .     SeeInvis .   h - -3 war axe (curse)
rCold    . . .     Gourm    .   (no shield)
rNeg     . . .     Faith    .   b - +0 animal skin
rPois    .         Spirit   .   (helmet restricted)
rElec    .         Reflect  .   (no cloak)
rCorr    .         Harm     .   (no gloves)
MR       .....                  (no boots)
Stlth    +.........             (no amulet)
HPRegen  0.11/turn              (no ring)
MPRegen  0.08/turn              (no ring)

@: no status effects
A: retaliatory headbutt, horns 2
a: Berserk, Trog's Hand, Renounce Religion


You were on level 2 of the Dungeon.
You worshipped Trog.
Trog was pleased with you.
You were not hungry.

You visited 1 branch of the dungeon, and saw 2 of its levels.

You collected 170 gold pieces.

Inventory:

Hand Weapons
 a - a +0 hand axe
 h - a cursed -3 war axe (weapon)
Armour
 b - a +0 animal skin (worn)
Jewellery
 i - a +3 ring of protection {unknown}
Scrolls
 e - 2 scrolls of magic mapping {unknown}
 f - a scroll of enchant weapon {unknown}
 j - 2 scrolls of identify {unknown}
 k - a scroll of remove curse {unknown}
 l - a scroll of amnesia {unknown}
Potions
 d - a potion of might {unknown}
 g - a potion of curing {unknown}
 m - a potion of agility {unknown}
Comestibles
 c - 3 rations


   Skills:
 + Level 4.4 Fighting
 + Level 4.6 Axes
 + Level 2.7 Armour
 + Level 2.6 Dodging
 + Level 0.1 Stealth


You had 2 spell levels left.
You didn't know any spells.
Your spell library was empty.

Dungeon Overview and Level Annotations

Branches:
Dungeon (2/15)

Altars:
Gozag


Innate Abilities, Weirdness & Mutations

You reflexively headbutt those who attack you in melee.
You have a pair of horns on your head.


Message History

A worm comes into view.
A worm is nearby!
You are too injured to fight recklessly!
You are too injured to fight recklessly!
You barely miss the worm. The worm bites you.
You barely miss the worm. The worm closely misses you.
You slash the worm! Your headbutt misses the worm.
The worm is heavily wounded.
You barely miss the worm.
The worm is heavily wounded.
The worm bites you.
* * * LOW HITPOINT WARNING * * *
You barely miss the worm. You headbutt the worm.
The worm is severely wounded.
The worm bites you.
* * * LOW HITPOINT WARNING * * *
You hit the worm but do no damage.
The worm is severely wounded.
The worm bites you.
You die...

............. .............
............. #†....###### .
#.†...## ##.. ## †).<...## ...
..# ....#...##.# ...#
...........#######..###
................@w....#########
..................#####.......#
.....#.....#...###### #......#
.....#..............###......#
.....#...##..........#.....#
.......####...........††..##
.>(....# #...............#
.......####..........##...#
...................#......#


You could see a worm.

Vanquished Creatures
  An adder (D:2)
  3 dart slugs
  2 leopard geckos (D:2)
  2 ball pythons
  3 giant cockroaches (D:1)
  3 goblins
  8 hobgoblins
  2 bats (D:1)
  7 frilled lizards
  7 kobolds
  5 rats
43 creatures vanquished.

Vanquished Creatures (others)
  3 toadstools (D:1)
3 creatures vanquished.

Grand Total: 46 creatures vanquished

Notes
Turn   | Place    | Note
-------+----------+-------------------------------------------
     0 | D:1      | Madoushi the Minotaur Berserker began the quest for the
                  | Orb.
     0 | D:1      | Reached XP level 1. HP: 19/19 MP: 0/0
    91 | D:1      | Reached XP level 2. HP: 15/27 MP: 1/1
   366 | D:1      | Reached ** piety under Trog
   366 | D:1      | Reached XP level 3. HP: 25/34 MP: 2/2
   784 | D:2      | Found an opulent altar of Gozag.
   894 | D:2      | Upgraded the game from 0.24.0-29-g8ce449bc06 to
                  | 0.24.0-37-gcf1ca852f1
   937 | D:2      | Slain by a worm

Levels and vault maps discovered:
D:1:      dpeg_arrival_connections, layout_loops_ring, serial_bayou_pond_d,
          chequers_decorated_corner, minmay_gold_behind_fungi,
          minmay_pentomino_w4
D:2:      layout_rooms, old_standard_altar, minitemple, grunt_qazlal_clouds

Skill      XL: |  1  2 |
---------------+-------+-----
Fighting       | 4 |  4.4
Axes           | 4 |  4.6
Armour         | |  2.7
Dodging        | |  2.6
Stealth        | |  0.1

Action                   || total
-------------------------++-------
Melee: Hand axe          ||    47
       Headbutt          ||     6
       War axe           ||    37
 Stab: Sleeping          ||     1
Armor: Animal skin       ||    17
Dodge: Dodged            ||    52
